 Dungeon Crawl Stone Soup version 0.31.0-11-ge490571c62 (webtiles) character file.

Game seed: 6944552297348678791

84 NamelessAdventurer the Shooter (level 4, -2/55 HPs)
             Began as a Draconian Hunter on Jan 27, 2024.
             Slain by an ogre
             ... wielding a +0 giant club
              (10 damage)
             ... on level 4 of the Dungeon.
             The game lasted 00:03:31 (784 turns).

NamelessAdventurer the Shooter (Draconian Hunter)    Turns: 784, Time: 00:03:32

Health: -2/55      AC: 22    Str: 14    XL:     4   Next: 23%
Magic:  5/5        EV:  2    Int: 11    God:
Gold:   144        SH:  0    Dex: 14    Spells: 5/5 levels left

rFire   . . .        e - +4 short sword
rCold   + . .        (no shield)
rNeg    . . .        (body armour unavailable)
rPois   +            (helmet currently unavailable)
rElec   .            h - melded scarf {rC+ rF+}
rCorr   .            (gloves currently unavailable)
SInv    .            (boots currently unavailable)
Will    +....        (no amulet)
Stlth   ++           c - ring of protection from cold
HPRegen 0.29/turn    d - ring of wizardry
MPRegen 0.09/turn

%: wizardry (x1)
@: tree-form, enlightened
A: stationary, stasis, torment immunity, boosted hp, AC +5, unfitting armour,
(cold-blooded)
a: no special abilities


You were on level 4 of the Dungeon.
You were a tree.
You visited 1 branch of the dungeon, and saw 4 of its levels.

You collected 144 gold pieces.

Inventory:

Hand Weapons
 a - a +0 shortbow
 e - a +4 short sword (weapon)
Armour
 h - a scarf of resistance (melded)
Jewellery
 c - a ring of protection from cold (left branch)
 d - a ring of wizardry (right branch)
 f - a ring of fire
Scrolls
 b - a scroll of butterflies


   Skills:
 * Level 2.5 Fighting
 * Level 0.7 Short Blades
 * Level 4.6 Ranged Weapons
 * Level 2.0 Dodging
 * Level 1.3 Stealth
 * Level 1.0 Spellcasting


You had 5 spell levels left.
You didn't know any spells.
Your spell library contained the following spells:

 Spells                   Type           Power      Damage    Failure   Level
 Lesser Beckoning         Tloc           0%         N/A       19%         2
 Gell's Gravitas          Tloc           0%         N/A       34%         3
 Teleport Other           Tloc           0%         N/A       34%         3


Dungeon Overview and Level Annotations

Branches:
Dungeon (4/15)
 Temple: D:4-7

Altars:
Uskayaw
Yredelemnul


Innate Abilities, Weirdness & Mutations

You are a tree.
Your roots penetrate the ground, keeping you stationary.
You cannot be teleported.
You are immune to unholy pain and torment.
Your maximum health is greatly increased.
Your equipment is partially melded.
((Your plain brown scales are hard. (AC +5)))
You cannot fit into any form of body armour.
((You are cold-blooded and may be slowed by cold attacks.))


Message History

It was a potion of enlightenment.
You feel very buoyant.
You fly up into the air.
The ogre barely misses you.
It was a potion of lignification.
You turn into a tree.
Your scarf of resistance melds into your body.
You feel hot and cold all over.
Your roots penetrate the ground.
You feel less invigorated.
You feel less confused.
The hobgoblin hits you but does no damage.
The ogre hits you with a +0 giant club!
You barely miss the ogre.
The ogre is heavily wounded.
The hobgoblin hits you but does no damage.
The scorpion stings you.
You hit the ogre.
The ogre is heavily wounded.
The ogre hits you with a +0 giant club.
The hobgoblin hits you but does no damage.
The scorpion stings you but does no damage.
You puncture the ogre!
The ogre is severely wounded.
The scorpion stings you.
The hobgoblin hits you but does no damage.
The ogre hits you with a +0 giant club!
* * * LOW HITPOINT WARNING * * *
You completely miss the ogre.
The ogre is severely wounded.
The scorpion stings you but does no damage.
The hobgoblin hits you but does no damage.
You hit the ogre but do no damage.
The ogre is severely wounded.
The scorpion stings you but does no damage.
The ogre hits you but does no damage.
The hobgoblin hits you but does no damage.
You hit the ogre.
The ogre is almost dead.
The scorpion stings you but does no damage.
The hobgoblin hits you but does no damage.
The ogre hits you with a +0 giant club!
You die...

#.#=# #.#.#
#.#.. #.#.##
# #.#.. ..
#...# #.##.
##.#s##.!....
#..♣Og..#
#.##g##.# #
#<.# ..
#....# .#
##..... ..
#>..##.# .#
###.# .. .
#[# .# #.# #


You could see an ogre, a scorpion, a hobgoblin and a goblin.

Vanquished Creatures
  An orc wizard (D:3)
  A hound zombie (D:3)
  An adder (D:2)
  A dart slug (D:2)
  4 orcs (D:3)
  4 ball pythons
  3 bats
  2 giant cockroaches
  A goblin (D:1)
  3 hobgoblins
  2 kobolds (D:1)
  A quokka (D:2)
  A frilled lizard (D:2)
  A jackal zombie (D:3)
  3 rats
29 creatures vanquished.

Notes
Turn   | Place    | Note
-------+----------+-------------------------------------------
     0 | D:1      | NamelessAdventurer the Draconian Hunter began the quest for
                  | the Orb.
     0 | D:1      | Reached XP level 1. HP: 17/17 MP: 1/1
    66 | D:1      | Reached skill level 1 in Stealth
   195 | D:1      | Reached XP level 2. HP: 24/24 MP: 2/2
   316 | D:2      | Reached skill level 4 in Ranged Weapons
   544 | D:2      | Reached XP level 3. HP: 30/30 MP: 3/3
   641 | D:3      | Found a basalt altar of Yredelemnul.
   662 | D:3      | Found a hide-covered altar of Uskayaw.
   678 | D:3      | Reached XP level 4. HP: 27/37 MP: 3/5
   692 | D:3      | Reached skill level 1 in Spellcasting
   764 | D:4      | Noticed an ogre
   766 | D:4      | Noticed a scorpion
   784 | D:4      | Slain by an ogre

Illustrated notes

Levels and vault maps discovered:
D:1:      wander_arrival_fairy_ring, layout_rooms, roderic_roman_lattice,
          kennysheep_nondescript, hangedman_decor_push
D:2:      layout_loops_cross, minmay_tall_x
D:3:      layout_loops_ring, lemuel_zombie_altar_yredelemnul,
          eat_drink_and_be_merry_uskayaw, minmay_stone_trees_large
D:4:      layout_basic, general_overflow_altar, cheibrodos_sewer_entry_bend,
          dk_noncrumbling_2, minmay_diced_spiral

Skill      XL: |  1  2  3  4 |
---------------+-------------+-----
Stealth        | 1 |  1.3
Ranged Weapons | 4 |  4.6
Dodging        | 2 |  2.0
Spellcasting   | 1 |  1.0
Fighting       | |  2.5
Short Blades   | |  0.7

Action                     |  1- 3 |  4- 6 || total
---------------------------+-------+-------++-------
  Melee: Short sword       |    28 |    24 ||    52
         Tailslap          |     3 |     3 ||     6
   Fire: Shortbow          |    40 |     3 ||    43
    Use: Scroll            |     1 |       ||     1
         Potion            |       |     3 ||     3
 Armour: Skin              |    19 |    27 ||    46
  Dodge: Dodged            |    21 |     7 ||    28
